 Dungeon Crawl Stone Soup version 0.30.1-11-g7821555f0a (webtiles) character file.

Game seed: 14488684434427333445

1166 comborobin the Basher (level 7, -3/56 HPs)
             Began as a Demigod Delver on Dec 16, 2023.
             Slain by an orc warrior
             ... wielding a +0 war axe
              (7 damage)
             ... on level 5 of the Dungeon.
             The game lasted 00:07:13 (4704 turns).

comborobin the Basher (Demigod Delver)              Turns: 4704, Time: 00:07:14

Health: -3/56      AC:  9    Str: 20    XL:     7   Next: 96%
Magic:  9/9        EV: 11    Int: 16    God:
Gold:   235        SH:  0    Dex: 14    Spells: 6/6 levels left

rFire   + + .        a - +1 flail (venom)
rCold   . . .        (no shield)
rNeg    . . .        t - +0 ring mail {rF+}
rPois   .            k - +1 helmet
rElec   .            (no cloak)
rCorr   .            (no gloves)
SInv    .            (no boots)
Will    .....        (no amulet)
Stlth   ++           (no ring)
HPRegen 0.29/turn    (no ring)
MPRegen 0.11/turn

%: no passive effects
@: hasted, very quick
A: high MP 1, forlorn, divine attributes, iridescent scales 1, clever 1, fire
resistance 1
a: no special abilities


You were on level 5 of the Dungeon.
You visited 1 branch of the dungeon, and saw 6 of its levels.

You collected 255 gold pieces.
You spent 20 gold pieces at shops.

Inventory:

Hand Weapons
 a - a +1 flail of venom (weapon)
 h - a +0 mace
 j - a +2 dagger of venom
Missiles
 o - 10 poisoned darts (quivered)
Armour
 b - a +0 leather armour
 k - a +1 helmet (worn)
 l - a +0 ring mail
 t - a +0 ring mail of fire resistance (worn)
Magical Staves
 f - a staff of air
Jewellery
 w - a ring of protection from cold
Wands
 g - a wand of digging (2)
 v - a wand of paralysis (10)
Scrolls
 c - a scroll of fog
 d - 2 scrolls of magic mapping
 e - 2 scrolls of identify
 n - a scroll of vulnerability {unknown}
 s - a scroll of noise {unknown}
 u - a scroll of brand weapon
Potions
 i - 3 potions of attraction
 m - a potion of brilliance
 p - a potion of mutation
 q - a potion of degeneration
 r - a potion of haste


   Skills:
 - Level 2.6 Fighting
 + Level 9.1 Maces & Flails
 - Level 1.7 Dodging
 - Level 4.5 Stealth


You had 6 spell levels left.
You didn't know any spells.
Your spell library contained the following spells:

 Spells                   Type           Power      Damage    Failure   Level
 Kiss of Death            Conj/Necr      0%         2d5       41%         1
 Magic Dart               Conj           0%         1d3       41%         1
 Shock                    Conj/Air       0%         1d3       41%         1
 Searing Ray              Conj           0%         2d4       54%         2
 Swiftness                Air            0%         N/A       78%         3
 Airstrike                Air            0%         2d(0-16)  99%         4
 Fulminant Prism          Conj/Hex       0%         3d5       99%         4
 Iskenderun's Mystic Bla  Conj/Tloc      0%         2d3       99%         4
 Orb of Destruction       Conj           0%         9d5       100%        7
 Lehudib's Crystal Spear  Conj/Erth      0%         10d2      100%        8


Dungeon Overview and Level Annotations

Branches:
Dungeon (6/15)
 Temple: D:4-7

Shops:
D:3 *

Annotations:
D:4 exclusion: downstairs
D:5 2 transporters


Innate Abilities, Weirdness & Mutations

You have an increased reservoir of magic. (+10% MP)
You shall have no god before yourself.
Your divine heritage dramatically boosts your attributes as you level up.
You are partially covered in iridescent scales. (AC +2)
Your mind is acute. (Int +4, Str/Dex -1)
Your flesh is heat resistant. (rF+)


Message History

No target in view!
You start resting.
HP restored.
You climb downwards.
The orc hits you but does no damage.
The orc warrior hits you with a +0 war axe.
There is a stone staircase leading up here.
Unknown command.
Unknown command.
The orc hits you but does no damage.
The orc warrior hits you with a +0 war axe!
You climb upwards.
Level annotation: 2 transporters
There is a stone staircase leading down here.
You sock the orc warrior!
The orc warrior is moderately wounded.
The orc hits you but does no damage.
The orc warrior hits you with a +0 war axe!
You are too injured to fight recklessly!
You are too injured to fight recklessly!
You are too injured to fight recklessly!
You are too injured to fight recklessly!
You hit the orc warrior.
The orc warrior is poisoned.
The orc warrior is heavily wounded.
The orc hits you with a +0 hand axe. The orc warrior misses you.
You hit the orc warrior but do no damage.
The orc warrior looks as sick as possible!
Your punch misses the orc warrior.
The orc warrior is heavily wounded.
The orc barely misses you.
The orc warrior hits you with a +0 war axe!
Okay, then.
You barely miss the orc warrior.
The orc warrior is heavily wounded.
The orc barely misses you.
The orc warrior hits you with a +0 war axe!
* * * LOW HITPOINT WARNING * * *
Okay, then.
You feel yourself speed up. The orc hits you but does no damage.
The orc warrior hits you with a +0 war axe!
You die...

### ..####### ........#
........################
######.........o@......#
######....######o#####.#
....##...## #.# #.#
[...##..## #.# #.#
##..##..# #.# #.#
.#..##..# #.# #.#
.#..##..# #.# #.#
.#......# #.# #.#
........# #.# #.#


You could see an orc warrior (extremely poisoned) and an orc.

Vanquished Creatures
  Duvessa (D:4)
  An ice beast (D:5)
  2 ogres
  A phantom (D:5)
  A scorpion (D:6)
  Dowan (D:4)
  3 hounds (D:5)
  2 jellies
  An orc priest (D:5)
  2 iguanas
  3 orc wizards
  2 sleepcaps (D:5)
  Robin (D:3)
  6 gnolls
  8 adders
  A shadow imp (D:5)
  3 dart slugs
  10 orcs
  3 bats
  5 endoplasms
  5 giant cockroaches
  18 goblins
  11 hobgoblins
  7 jackals
  6 quokkas
  6 ball pythons
  6 frilled lizards
  7 kobolds
  5 rats
  A spectral kobold (D:3)
129 creatures vanquished.

Notes
Turn   | Place    | Note
-------+----------+-------------------------------------------
     0 | D:5      | comborobin the Demigod Delver began the quest for the Orb.
     0 | D:5      | Reached XP level 1. HP: 18/18 MP: 3/3
     1 | D:6      | Noticed a sky beast
     5 | D:5      | Noticed a hound
    13 | D:5      | Found a transporter.
    14 | D:5      | Noticed an orc priest
   105 | D:4      | Reached skill level 2 in Maces & Flails
   109 | D:4      | Noticed Duvessa
   110 | D:4      | Noticed Dowan
   157 | D:4      | Got Heru's Tome of Hurting
   215 | D:3      | Reached XP level 2. HP: 22/25 MP: 4/4
   264 | D:3      | Reached skill level 3 in Maces & Flails
   329 | D:3      | Noticed an angel
   336 | D:3      | Noticed a profane servitor
   555 | D:3      | Reached XP level 3. HP: 24/30 MP: 5/5
   655 | D:3      | Noticed Robin
   713 | D:3      | Killed Robin
   762 | D:3      | Reached skill level 4 in Maces & Flails
   766 | D:3      | Reached XP level 4. HP: 27/37 MP: 6/6
   992 | D:3      | Found Joagh's Assorted Antiques.
   997 | D:3      | Bought a scroll labelled BONILO UJETO for 20 gold pieces
  1716 | D:2      | Reached skill level 5 in Maces & Flails
  1933 | D:1      | Reached XP level 5. HP: 37/42 MP: 7/7
  2733 | D:4      | Killed Duvessa
  2755 | D:4      | Killed Dowan
  2756 | D:4      | Reached skill level 6 in Maces & Flails
  2756 | D:4      | Reached XP level 6. HP: 41/50 MP: 8/8
  3368 | D:4      | Reached skill level 7 in Maces & Flails
  3675 | D:5      | Reached XP level 7. HP: 38/56 MP: 9/9
  3690 | D:5      | Gained mutation: Your flesh is heat resistant. (rF+)
                  | [potion of mutation]
  3690 | D:5      | Gained mutation: Your mind is acute. (Int +4, Str/Dex -1)
                  | [potion of mutation]
  3690 | D:5      | Gained mutation: You are partially covered in iridescent
                  | scales. (AC +2) [potion of mutation]
  3746 | D:5      | Reached skill level 8 in Maces & Flails
  4055 | D:5      | Found a transporter.
  4430 | D:5      | Reached skill level 9 in Maces & Flails
  4704 | D:5      | Slain by an orc warrior

Illustrated notes

Levels and vault maps discovered:
D:1:      spicycebolla_green_bress_n_ham, layout_basic, minmay_misc_feat_hallway
D:2:      layout_loops_cross, wander_ebering_terrifying_dragon_lair
D:3:      layout_rooms, grunt_temple_overflow_holy_war,
          nicolae_qazlal_eye_of_the_storm,
          nicolae_hepliaklqana_monster_ancestors, serial_shops,
          nicolae_shop_tiny_glass, grunt_ministairs_9, minmay_hedge_maze,
          uniq_robin
D:4:      layout_loops_ring, uniq_duvessa
D:5:      gammafunk_wand_slinger, layout_basic, mainiacjoe_overflow_chevrons,
          glass_columns_b
D:6:      layout_loops_ring, nemelex_xobeh_ov_fountains_minmay

Skill      XL: |  1  2  3  4  5  6  7 |
---------------+----------------------+-----
Maces & Flails | 2 3 4 5 6 7 9 |  9.1
Fighting       | |  2.6
Dodging        | |  1.7
Stealth        | |  4.5

Action                     |  1- 3 |  4- 6 |  7- 9 || total
---------------------------+-------+-------+-------++-------
  Melee: Mace              |    32 |       |       ||    32
         Flail             |    78 |   159 |    81 ||   318
         Punch             |     2 |     1 |     1 ||     4
  Throw: Dart              |       |    12 |       ||    12
  Evoke: Wand              |       |     1 |       ||     1
    Use: Potion            |     2 |     1 |     4 ||     7
         Scroll            |     2 |     7 |     4 ||    13
   Stab: Sleeping          |     2 |     8 |     4 ||    14
         Distracted        |     1 |       |       ||     1
 Armour: Leather armour    |     5 |       |       ||     5
         Ring mail         |    45 |    67 |    30 ||   142
  Dodge: Dodged            |    97 |   105 |    44 ||   246
